 Dungeon Crawl Stone Soup version 0.29-a0-322-g68df515428 (webtiles) character file.

Game seed: 10365141639655795893

418 avis the Ruffian (level 6, -2/57 HPs)
             Began as a Hill Orc Monk on Apr 9, 2022.
             Was a Believer of Beogh.
             Slain by a troll (8 damage)
             ... on level 5 of the Dungeon.
             The game lasted 00:20:23 (4634 turns).

avis the Ruffian (Hill Orc Monk)                    Turns: 4634, Time: 00:20:23

Health: -2/57      AC:  4    Str: 16    XL:     6   Next: 93%
Magic:  6/6        EV: 13    Int: 10    God:    Beogh [**....]
Gold:   370        SH:  0    Dex: 19    Spells: 5/5 levels left

rFire   + . .      SeeInvis .     - Unarmed
rCold   . . .      Faith    .   (no shield)
rNeg    . . .      Spirit   .   a - +0 robe
rPois   .          Reflect  .   I - +0 helmet
rElec   .          Harm     .   r - +0 cloak
rCorr   .          Rampage  .   (no gloves)
Will    .....                   (no boots)
Stlth   ++........              (no amulet)
HPRegen 0.19/turn               t - ring of protection from fire
MPRegen 0.10/turn               u - +6 ring of dexterity

@: no status effects
A: no striking features
a: Renounce Religion, Smiting


You were on level 5 of the Dungeon.
You worshipped Beogh.
Beogh was pleased with you.
You visited 1 branch of the dungeon, and saw 5 of its levels.

You collected 370 gold pieces.

Inventory:

Hand Weapons
 k - a +0 dagger of draining
 w - a +3 dagger of venom
 E - a +4 dagger
 F - a +0 hunting sling
 G - a +0 scythe
Missiles
 n - 122 stones (quivered)
Armour
 a - a +0 robe (worn)
 d - a +0 leather armour
 r - a +0 cloak (worn)
 s - a +0 plate armour
 H - a +0 chain mail
 I - a +0 helmet (worn)
Magical Staves
 e - a staff of death
 o - a staff of air
Jewellery
 t - a ring of protection from fire (left hand)
 u - a +6 ring of dexterity (right hand)
Wands
 y - a wand of paralysis (3)
 B - a wand of mindburst (18)
Scrolls
 c - 2 scrolls of noise {unknown}
 i - 3 scrolls of teleportation
 j - 2 scrolls of enchant weapon
 m - a scroll of blinking {unknown}
 p - 2 scrolls of magic mapping {unknown}
 q - a scroll of immolation {unknown}
 A - a scroll of torment {unknown}
 C - a scroll of amnesia {unknown}
 J - a scroll of fear {unknown}
Potions
 b - a potion of ambrosia
 f - 2 potions of mutation {unknown}
 g - 3 potions of curing
 h - a potion of brilliance {unknown}
 v - a potion of flight {unknown}
 x - 4 potions of heal wounds
 z - a potion of attraction {unknown}
 D - a potion of might {unknown}


   Skills:
 + Level 5.8 Fighting
 + Level 1.0 Armour
 - Level 2.4 Dodging
 - Level 1.5 Stealth
 * Level 6.9 Unarmed Combat
 - Level 1.0 Invocations


You had 5 spell levels left.
You didn't know any spells.
Your spell library was empty.

Dungeon Overview and Level Annotations

Branches:
Dungeon (5/15)             Temple (0/1) D:5

Altars:
Dithmenos
Sif Muna
Vehumet
Zin

Shops:
D:2 ?

Annotations:
D:1 Hidden waterway


Message History

Your +2 dagger of venom begins to drip with poison!
w - a +2 dagger of venom (weapon)
Okay, then.
As you read the scroll labelled VENUOD HIUNO, it crumbles to dust.
You feel strangely unstable.
It was a scroll of teleportation.
Your surroundings suddenly seem different.
As you read the scroll labelled SALOGI BYJY, it crumbles to dust.
It is a scroll of enchant weapon.
Your +2 dagger of venom glows red for a moment.
As you read the scroll labelled GESOUGEUTI, it crumbles to dust.
It is a scroll of identify.
x - 4 potions of heal wounds
As you read the scroll of identify, it crumbles to dust.
g - 3 potions of curing
There is a stone staircase leading down here.
You climb downwards.
There is a stone staircase leading up here.
You climb upwards.
There is a stone staircase leading down here.
There is a stone staircase leading down here.
There is a stone staircase leading down here.
You climb downwards.
There is a stone staircase leading up here.
You hit the troll but do no damage.
The troll is poisoned.
The troll bites you! The troll claws you. The troll barely misses you.
Your +3 dagger of venom stops dripping with poison.
You are now empty-handed.
You closely miss the troll.
The troll is lightly wounded.
The troll misses you. x2; The troll claws you!
You hit the troll.
The troll is lightly wounded.
The troll bites you but does no damage. The troll barely misses you.
The troll claws you!
You punch the troll!
The troll is heavily wounded.
The troll bites you!
* * * LOW HITPOINT WARNING * * *
The troll claws you!
You die...

### ..# #.##
... #.#
####.#####..
#.##...........
#.......T.....#
##$.)##@#######
#..>. #.# #.:.$
#.# ...... ..#
######. ### ..
##


You could see a troll (very poisoned).

Vanquished Creatures
  An ice beast (D:5)
  A phantom (D:4)
  2 iguanas
  Ijyb (D:3)
  2 orc wizards
  3 adders (D:3)
  A gnoll (D:1)
  2 worms
  2 dart slugs
  10 orcs
  4 ball pythons
  8 endoplasms
  4 giant cockroaches
  7 hobgoblins
  5 quokkas
  3 bats
  2 frilled lizards
  5 goblins
  7 kobolds
  4 rats
74 creatures vanquished.

Vanquished Creatures (others)
  Sigmund (D:3)
  A bat (D:3)
  3 toadstools (D:4)
5 creatures vanquished.

Grand Total: 79 creatures vanquished

Notes
Turn   | Place    | Note
-------+----------+-------------------------------------------
     0 | D:1      | avis the Hill Orc Monk began the quest for the Orb.
     0 | D:1      | Reached XP level 1. HP: 19/19 MP: 1/1
   164 | D:1      | Reached XP level 2. HP: 25/27 MP: 2/2
   394 | D:1      | Found a faded altar of an unknown god.
   403 | D:1      | Reached skill level 4 in Unarmed Combat
   595 | D:1      | Reached XP level 3. HP: 31/33 MP: 3/3
  1409 | D:2      | Found Aruxtuwo's Magic Scroll Shop.
  2405 | D:3      | Reached XP level 4. HP: 31/41 MP: 4/4
  2423 | D:3      | Became a worshipper of Beogh the Brigand
  2423 | D:3      | Reached * piety under Beogh
  2423 | D:3      | Reached ** piety under Beogh
  2565 | D:3      | Reached skill level 5 in Unarmed Combat
  2610 | D:3      | You fall into a shaft and drop 1 floor!
  2628 | D:4      | Reached XP level 5. HP: 16/47 MP: 5/5
  2962 | D:4      | Reached skill level 1 in Invocations
  3044 | D:3      | Noticed Sigmund
  3116 | D:3      | Noticed Ijyb
  3135 | D:3      | Killed Ijyb
  3136 | D:3      | Reached skill level 5 in Fighting
  3834 | D:3      | Killed Sigmund
  3878 | D:4      | Noticed a phantom
  3888 | D:4      | Killed a phantom
  3889 | D:4      | Reached skill level 1 in Armour
  3889 | D:4      | Reached skill level 6 in Unarmed Combat
  3889 | D:4      | Reached XP level 6. HP: 42/56 MP: 6/6
  4221 | D:4      | Found a glowing silver altar of Zin.
  4226 | D:4      | Found a shimmering blue altar of Sif Muna.
  4234 | D:4      | Found a shadowy altar of Dithmenos.
  4247 | D:4      | Found a radiant altar of Vehumet.
  4422 | D:5      | Entered Level 5 of the Dungeon
  4437 | D:5      | Noticed an ice beast
  4443 | D:5      | Killed an ice beast
  4562 | D:5      | Found a staircase to the Ecumenical Temple.
  4563 | D:5      | Noticed a troll
  4634 | D:5      | Slain by a troll

Illustrated notes

Levels and vault maps discovered:
D:1:      psy_arrival_whirlpool, layout_basic, basic_ecumenical_altar,
          serial_rivers, chequers_serial_rivers_micro_d,
          chequers_serial_rivers_small_3, chequers_serial_rivers_micro_e,
          chequers_serial_rivers_large_b, chequers_serial_rivers_room_a,
          minmay_misc_feat_iff, columned_hall_lemuel, minmay_close_crescents
D:2:      layout_basic, serial_shops, shop
D:3:      layout_basic, kennysheep_crisscross, guppyfry_early_orc_mine,
          uniq_sigmund, uniq_ijyb
D:4:      layout_rooms, grunt_temple_overflow_cloverleaf,
          minmay_gold_behind_fungi, minmay_box_of_dots
D:5:      layout_loops_ring, minmay_temple_entry_offerings,
          uniq_crazy_yiuf_cottage

Skill      XL: |  1  2  3  4  5 |
---------------+----------------+-----
Fighting       | 4 5 |  5.8
Unarmed Combat | 4 5 6 |  6.9
Invocations    | 1 |  1.0
Armour         | 1 |  1.0
Dodging        | |  2.4
Stealth        | |  1.5

Action                   |  1- 3 |  4- 6 || total
-------------------------+-------+-------++-------
Melee: Unarmed           |    93 |    37 ||   130
       Punch             |     5 |     8 ||    13
       Dagger            |    36 |   101 ||   137
Invok: Convert to Beogh  |       |     1 ||     1
  Use: Scroll            |       |     4 ||     4
 Stab: Sleeping          |     4 |     2 ||     6
Armor: Robe              |    12 |    11 ||    23
Dodge: Dodged            |    62 |    66 ||   128

Table legend: (Time is in decaauts)
 A = Elapsed time spent in this place.
 B = Non-inter-level travel time spent in this place.
 C = Inter-level travel time spent in this place.
 D = Time resting spent in this place.
 E = Time spent auto-exploring this place.
 F = Levels seen in this place.
 G = Mean time per level.
                   A        B        C        D        E       F      G
               +--------+--------+--------+--------+--------+-----+--------+
         Total |   4647 |   4382 |    265 |   1278 |   1896 |   5 |  929.4 |
       Dungeon |   4647 |   4382 |    265 |   1278 |   1896 |   5 |  929.4 |
               +--------+--------+--------+--------+--------+-----+--------+

Top non-repeatable levels by time:
     D:1: 1302 daAuts
     D:3: 1275 daAuts
     D:4: 1066 daAuts
     D:2: 976 daAuts
     D:5: 25 daAuts
